 Dungeon Crawl Stone Soup version 0.29-a0-11-ga75d3d97ab (webtiles) character file.

Game seed: 2896227221004493113

377146 browni3141 the Wrestler (level 21, -20/169 HPs)
             Began as a Troll Monk on Jan 29, 2022.
             Was the Champion of Zin.
             Hit by a large rock thrown by a stone giant (45 damage)
             ... on level 3 of the Depths.
             The game lasted 01:49:49 (43906 turns).

browni3141 the Wrestler (Troll Monk)               Turns: 43906, Time: 01:49:50

Health: -20/169    AC: 21    Str: 28    XL:     21   Next: 47%
Magic:  0/39       EV: 23    Int:  8    God:    Zin [******]
Gold:   3242       SH:  0    Dex: 32    Spells: 18/20 levels left

rFire   + + .      SeeInvis .     - Unarmed
rCold   + . .      Faith    .   (no shield)
rNeg    . . .      Spirit   +   x - +4 moon troll leather armour {Spirit, Regen++ MP+5}
rPois   +          Reflect  .   J - +0 hat of the Tired Stories {Dex+5}
rElec   +          Harm     +   V - +2 cloak of a ziggurat {Harm rElec rF+ Stlth+}
rCorr   +          Rampage  .   (gloves unavailable)
Will    +++..                   (boots unavailable)
Stlth   ++++++....              e - amulet of regeneration
HPRegen 3.58/turn               d - ring of Niaruc {rF+ rC+ Will+ rCorr Str+3}
MPRegen 0.26/turn               O - ring "Nosmojuleff" {rPois AC+4 Dex+7 Slay-3}

@: mighty, studying Short Blades
A: large, unfitting armour, claws 3, regeneration 1, shaggy fur 1, tough skin 1,
iridescent scales 1, clever 1, strong-willed 1
}: 3/15 runes: decaying, slimy, gossamer
a: Renounce Religion, Recite, Vitalisation, Imprison, Sanctuary, Donate Gold


You were on level 3 of the Depths.
You worshipped Zin.
Zin was exalted by your worship.
You visited 9 branches of the dungeon, and saw 43 of its levels.
You also visited: Sewer and Volcano.

You collected 5099 gold pieces.
You spent 1177 gold pieces at shops.
You donated 680 gold pieces to Zin.

Inventory:

Missiles
 u - 8 throwing nets
Armour
 x - the +4 moon troll leather armour (worn) {Spirit, Regen++ MP+5}
   (You found it on level 10 of the Dungeon)

   MP:        It affects your magic capacity (+5).
   Regen:     It increases your rate of health regeneration.
 D - a +2 cloak of stealth
 J - the +0 hat of the Tired Stories (worn) {Dex+5}
   (You acquired it on level 14 of the Dungeon)

   Dex:       It affects your dexterity (+5).
 V - the +2 cloak of a ziggurat (worn) {Harm rElec rF+ Stlth+}
   (You found it on level 2 of the Depths)

   rF:        It protects you from fire.
   rElec:     It insulates you from electricity.
   Harm:      It increases damage dealt and taken.
   Stlth:     It makes you more stealthy.
Jewellery
 a - a ring of flight
 d - the ring of Niaruc (left claw) {rF+ rC+ Will+ rCorr Str+3}
   (You found it on level 5 of the Pits of Slime)

   [ring of protection from cold]

   Str:       It affects your strength (+3).
   rF:        It protects you from fire.
   rC:        It protects you from cold.
   rCorr:     It protects you from acid and corrosion.
   Will:      It increases your willpower.
 e - an amulet of regeneration (around neck)
 g - a ring of resist corrosion
 h - a ring of fire
 k - the ring of Absolutism {rC+ Int+6}
   (You found it on level 5 of the Lair of Beasts)

   [ring of intelligence]

   Int:       It affects your intelligence (+6).
   rC:        It protects you from cold.
 m - a ring of willpower
 K - an amulet of the acrobat
 M - a ring of ice
 O - the ring "Nosmojuleff" (right claw) {rPois AC+4 Dex+7 Slay-3}
   (You took it off a skeletal warrior on level 14 of the Dungeon)

   [ring of protection]

   AC:        It affects your AC (+4).
   Dex:       It affects your dexterity (+7).
   Slay:      It affects your accuracy & damage with ranged weapons and melee
   (-3).
   rPois:     It protects you from poison.
 T - the ring of the Meadowlark {rC+ rCorr Int-4 Slay+3 SInv}
   (You took it off a deep elf annihilator on level 3 of the Elven Halls)

   [ring of see invisible]

   Int:       It affects your intelligence (-4).
   Slay:      It affects your accuracy & damage with ranged weapons and melee
   (+3).
   rC:        It protects you from cold.
   SInv:      It lets you see invisible.
   rCorr:     It protects you from acid and corrosion.
Wands
 B - a wand of acid (14)
 C - a wand of charming (24)
 G - a wand of digging (11)
 H - a wand of paralysis (20)
 Q - a wand of iceblast (3)
 Z - a wand of flame (64)
Scrolls
 b - 8 scrolls of noise
 c - 5 scrolls of fear
 f - 25 scrolls of teleportation
 j - 2 scrolls of silence
 l - 4 scrolls of blinking
 n - 6 scrolls of magic mapping
 o - 5 scrolls of enchant weapon
 p - 8 scrolls of vulnerability
 q - a scroll of immolation
 s - 9 scrolls of amnesia
 y - a scroll of summoning
 R - 3 scrolls of brand weapon
 S - 4 scrolls of enchant armour
 U - 4 scrolls of fog
 Y - 19 scrolls of identify
Potions
 i - 7 potions of heal wounds
 r - 16 potions of curing
 t - 2 potions of brilliance
 v - 7 potions of invisibility
 z - 6 potions of might
 A - 4 potions of resistance
 E - 4 potions of flight
 F - 2 potions of haste
 I - 11 potions of ambrosia
 L - 5 potions of attraction
 N - a potion of cancellation
 W - 8 potions of mutation
 X - a potion of magic
Miscellaneous
 w - a condenser vane
 P - a lightning rod (4/4)


   Skills:
 - Level 2.4 Fighting
 - Level 3.4 Slings
 - Level 10.8 Armour
 - Level 12.1 Dodging
 - Level 8.0 Stealth
 * Level 24.6 Unarmed Combat
 * Level 20.0 Invocations
 - Level 3.0 Evocations


You had 18 spell levels left.
You knew the following spells:

 Your Spells              Type           Power      Damage    Failure   Level
a - Blink                 Tloc           0%         N/A       56%         2

Your spell library contained the following spells:

 Spells                   Type           Power      Damage    Failure   Level
 Animate Skeleton         Necr           0%         N/A       43%         1
 Foxfire                  Conj/Fire      0%         2x1d4     43%         1
 Pain                     Necr           0%         1d4       43%         1
 Corpse Rot               Necr/Air       0%         N/A       56%         2
 Ensorcelled Hibernation  Hex/Ice        0%         N/A       56%         2
 Passwall                 Tmut/Erth      0%         N/A       56%         2
 Static Discharge         Conj/Air       0%         N/A       56%         2
 Sublimation of Blood     Necr           0%         N/A       56%         2
 Call Canine Familiar     Summ           0%         N/A       80%         3
 Conjure Flame            Conj/Fire      0%         6-21      80%         3
 Dazzling Flash           Conj/Hex       0%         N/A       80%         3
 Frozen Ramparts          Ice            0%         1d2       80%         3
 Gell's Gravitas          Tloc           0%         N/A       80%         3
 Ignite Poison            Fire/Tmut/Pois 0%         N/A       80%         3
 Inner Flame              Hex/Fire       0%         N/A       80%         3
 Lesser Beckoning         Tloc           0%         N/A       80%         3
 Mephitic Cloud           Conj/Pois/Air  0%         N/A       80%         3
 Portal Projectile        Hex/Tloc       0%         N/A       80%         3
 Swiftness                Air            0%         N/A       80%         3
 Teleport Other           Tloc           0%         N/A       80%         3
 Tukima's Dance           Hex            0%         N/A       80%         3
 Vampiric Draining        Necr           0%         2d6       80%         3
 Dispel Undead            Necr           0%         3d6       99%         4
 Flame Wave               Conj/Fire      0%         2d4       99%         4
 Fulminant Prism          Conj/Hex       0%         3d6       99%         4
 Ice Form                 Ice/Tmut       0%         N/A       99%         4
 Iskenderun's Mystic Bla  Conj/Tloc      0%         2d3       99%         4
 Leda's Liquefaction      Hex/Erth       0%         N/A       99%         4
 Passage of Golubria      Tloc           0%         N/A       99%         4
 Petrify                  Tmut/Erth      0%         N/A       99%         4
 Summon Ice Beast         Ice/Summ       0%         N/A       99%         4
 Agony                    Necr           0%         N/A       100%        5
 Borgnjor's Vile Clutch   Necr/Erth      0%         N/A       100%        5
 Fireball                 Conj/Fire      0%         3d3       100%        5
 Freezing Cloud           Conj/Ice/Air   0%         6-21      100%        5
 Irradiate                Conj/Tmut      0%         3d13      100%        5
 Lee's Rapid Deconstruct  Erth           0%         3d5*      100%        5
 Lightning Bolt           Conj/Air       0%         1d11      100%        5
 Manifold Assault         Tloc           0%         N/A       100%        5
 Silence                  Hex/Air        0%         N/A       100%        5
 Summon Forest            Summ/Tloc      0%         N/A       100%        5
 Summon Mana Viper        Hex/Summ       0%         N/A       100%        5
 Yara's Violent Unravell  Hex/Tmut       0%         3d3       100%        5
 Death Channel            Necr           0%         N/A       100%        6
 Dispersal                Tloc           0%         N/A       100%        6
 Statue Form              Tmut/Erth      0%         N/A       100%        6
 Summon Cactus Giant      Summ           0%         N/A       100%        6
 Monstrous Menagerie      Summ           0%         N/A       100%        7
 Spellforged Servitor     Conj/Summ      0%         N/A       100%        7
 Storm Form               Tmut/Air       0%         N/A       100%        7
 Maxwell's Capacitive Co  Air            0%         ∞         100%        8


Dungeon Overview and Level Annotations

Branches:
Dungeon (15/15)            Temple (1/1) D:7            Lair (6/6) D:10
  Swamp (4/4) Lair:3       Spider (4/4) Lair:4        Slime (5/5) Lair:6
    Orc (2/2) D:11            Elf (3/3) Orc:2        Vaults (0/5) D:14
 Depths (3/4) D:15          Sewer (visited)         Volcano (visited)

Altars:
Ashenzari
Cheibriados
Dithmenos
Elyvilon
Fedhas
Gozag
Hepliaklqana
Kikubaaqudgha
Makhleb
Nemelex Xobeh
Okawaru
Qazlal
Ru
Sif Muna
Trog
Uskayaw
Vehumet
Wu Jian
Xom
Yredelemnul
Zin
The Shining One
Beogh
Jiyva

Shops:
D:5 :   D:9 =   D:10 (   D:13 *   D:14 ?   Orc:2 ?=*[   Elf:1 *   Depths:1 *

Portals:
Hell: Depths:1 Depths:2 Depths:3
Abyss: Depths:3
Pandemonium: Orc:2 Depths:2
Ziggurat: Depths:1

Annotations:
Lair:2 2 transporters, mathmaestro's ghost, journeyman TrMo
Depths:2 exclusion: 2 oklob plants
Depths:3 Mennas


Innate Abilities, Weirdness & Mutations

You are too large for most types of armour.
You have claws for hands.
Your natural rate of healing is unusually fast.
You are covered in fur. (AC +1)
You have tough skin. (AC +1)
You are partially covered in iridescent scales. (AC +2)
Your mind is acute. (Int +2)
You are strong-willed. (Will+)


Message History

You closely miss Mennas. Your claw misses Mennas.
Mennas is severely wounded.
Unknown command.
Mennas blocks your attack.
Mennas is severely wounded.
Mennas completely misses you. Mennas hits you but does no damage.
The purple very ugly thing closely misses you.
The purple very ugly thing basks in the mutagenic energy from its kin and changes!
Unknown command.
You mangle Mennas!!
Mennas is severely wounded.
Mennas hits you but does no damage.
Mennas hits you with a +1 trishula of holy wrath.
Unknown command.
Mennas blocks your attack.
Mennas is severely wounded.
Mennas hits you with a +1 trishula of holy wrath!
Mennas barely misses you.
The purple very ugly thing trunk-slaps you!
* * * LOW HITPOINT WARNING * * *
Unknown command.
You barely miss Mennas.
Mennas is severely wounded.
Mennas hits you with a +1 trishula of holy wrath!
* * * LOW HITPOINT WARNING * * *
Mennas hits you with a +1 trishula of holy wrath!
* * * LOW HITPOINT WARNING * * *
The purple very ugly thing trunk-slaps you.
* * * LOW HITPOINT WARNING * * *
Mennas completely misses you. Mennas misses you. Mennas barely misses you. x2
The brown very ugly thing basks in the mutagenic energy from its kin and changes!
Mennas hits you from afar with a +1 trishula of holy wrath!
* * * LOW HITPOINT WARNING * * *
Mennas hits you but does no damage.
Mennas becomes audible again.
Mennas gestures frantically.
Mennas is healed somewhat.
The stone giant throws a large rock.
The large rock hits you!!!
You die...

#.# #.# .
#.## . #..#
##.# #.#
#.########
#....#.#.#
#@.......##
#.........#
#u.C......##
#.A.......≈♣≈
#...u......≈P
#u..u.....P≈P
#.........PPP
#..u.......≈≈
#..........≈♣


You could see Mennas, 5 very ugly things and a stone giant.

Vanquished Creatures
  the Royal Jelly (Slime:5)
  Bai Suzhen (Swamp:3)
  2 caustic shrikes (Depths:1)
  The ghost of Shayle the Warrior, an adept DjWr of Ashenzari (Elf:2)
  the Enchantress (Depths:3)
  A bone dragon (Depths:3)
  A golden dragon (Depths:1)
  Arachne (Spider:2)
  A tentacled monstrosity (Swamp:3)
  Mlioglotl (Spider:3)
  A walking frostbound tome (Depths:1)
  2 deep elf blademasters (Elf:3)
  15 acid blobs
  2 deep elf master archers (Elf:3)
  A sphinx (Depths:3)
  4 thorn hunters
  Roxanne (Elf:1)
  3 fenstrider witches (Swamp:4)
  2 tengu reavers (Depths:2)
  6 azure jellies
  5 rockslimes
  3 fire giants
  6 deep elf sorcerers
  6 emperor scorpions
  4 ghost moths
  5 frost giants
  An iron dragon (Depths:3)
  An orc warlord (Orc:2)
  Aizul (Spider:2)
  2 deep elf elementalists (Elf:3)
  2 quicksilver oozes (Slime:5)
  4 ghouls
  A juggernaut zombie (Depths:3)
  9 very ugly things (Depths:2)
  3 spriggan defenders (Depths:3)
  A reaper (Swamp:4)
  8 stone giants
  3 broodmothers
  A vampire knight (Depths:1)
  Nessos (D:13)
  4 deep elf demonologists (Elf:3)
  5 eleionomae
  An entropy weaver (Spider:3)
  7 deep elf annihilators (Elf:3)
  8 bunyips
  5 spark wasps
  A green death (Swamp:4)
  5 deep elf death magi (Elf:3)
  4 ettins
  4 fire dragons
  2 deep elf high priests (Elf:3)
  A shambling mangrove (Swamp:4)
  9 great orbs of eyes
  5 ice dragons
  4 hell beasts
  2 jorogumos
  A jorogumo (shapeshifter) (Depths:1)
  2 ogre magi
  4 boulder beetles
  13 hydras
  2 rakshasas (D:15)
  Harold (Orc:1)
  2 demonspawn (Orc:2)
  3 ghost crabs
  2 catoblepae
  A radroach (Spider:1)
  A death knight (D:13)
  4 spriggan air magi (Depths:3)
  28 dancing weapons
  A satyr (shapeshifter) (Depths:1)
  2 tengu warriors
  11 two-headed ogres
  5 hell hogs (Depths:1)
  7 alligators
  4 deep troll earth magi
  10 deep troll shamans
  A death yak (Lair:6)
  5 orc high priests (Orc:2)
  18 deep elf knights
  3 hell knights
  6 spriggan berserkers
  5 soul eaters
  9 skeletal warriors (D:14)
  A sun demon (Depths:1)
  A titan skeleton (Depths:3)
  3 sun moths
  A salamander mystic (Volcano)
  A death drake (Swamp:4)
  3 sixfirhies
  A golden dragon zombie (Depths:3)
  2 pharaoh ants
  8 spriggan druids
  14 iron trolls
  3 glowing orange brains
  9 goliath frogs
  12 deep elf archers
  9 orb spiders
  A flayed ghost (Depths:1)
  6 bog bodies
  A necromancer (Depths:3)
  4 wizards
  3 steelbarb worms
  A sphinx zombie (Depths:3)
  3 swamp dragons
  16 deep trolls
  7 orc knights
  24 ugly things
  28 deep elf zephyrmancers
  4 will-o-the-wisps
  8 orc sorcerers
  19 wolf spiders
  7 cyclopes
  27 deep elf pyromancers
  An oklob plant (Lair:5)
  A manticore (D:12)
  A shining eye (shapeshifter) (Depths:1)
  2 salamanders
  2 shining eyes (Slime:5)
  6 moths of wrath
  3 rust devils
  15 elephants
  Maurice (D:8)
  7 centaur zombies
  The ghost of Firecrotchwizard the Chopper, a novice HOFi (D:5)
  2 black mambas
  5 molten gargoyles (Volcano)
  2 eyes of devastation
  2 torpor snails
  5 smoke demons
  A gargoyle (Volcano)
  2 orange demons (Orc:2)
  6 cane toads
  An unseen horror (D:10)
  3 rime drakes
  A rime drake (shapeshifter) (D:13)
  4 demonic crawlers
  A freezing wraith (D:14)
  A hellwing (Swamp:4)
  3 tengu conjurers
  5 komodo dragons
  2 efreet (D:15)
  2 ice devils
  6 meliai
  5 trolls
  A queen bee (D:9)
  17 hornets
  10 polar bears
  36 slime creatures
  18 tarantellas
  2 dream sheep (Lair:6)
  26 blink frogs
  7 tyrant leeches
  A meliai zombie (D:15)
  39 jumping spiders
  15 culicivoras
  4 water elementals
  24 spriggans
  3 wraiths
  A shadow (D:9)
  2 air elementals (Elf:3)
  80 yaks
  4 wyverns
  2 fire elementals (Elf:3)
  9 golden eyes (Slime:1)
  2 steam dragons
  8 basilisks
  45 redbacks
  14 vampire mosquitoes
  4 chaos spawn (Swamp:4)
  17 swamp worms
  A swamp worm (shapeshifter) (D:14)
  2 wargs (Orc:1)
  An acid dragon (D:6)
  11 water moccasins
  Duvessa (D:7)
  A floating eye (Depths:1)
  A floating eye (shapeshifter) (D:15)
  38 orc warriors
  2 sky beasts
  6 black bears
  5 swamp drakes
  12 ogres
  28 wolves
  4 centaurs
  5 boggarts
  2 phantoms
  2 gnoll sergeants
  2 kobold brigands
  17 bullfrogs
  An earth elemental (Elf:3)
  A scorpion (D:6)
  Dowan (D:7)
  40 killer bees
  9 wights
  10 electric eels
  3 crimson imps (D:8)
  2 jellies (D:5)
  A bullfrog skeleton (D:7)
  3 hounds
  22 orc priests
  2 gnoll shamans
  Natasha (D:3)
  4 iguanas
  10 orc wizards
  2 hound zombies
  2 mummies (D:14)
  27 gnolls
  A howler monkey skeleton (D:6)
  10 adders
  3 river rats
  2 shadow imps
  6 worms
  3 dart slugs
  65 orcs
  6 endoplasms
  3 giant cockroaches
  3 goblins
  12 hobgoblins
  6 jackals
  32 kobolds
  2 quokkas
  10 ball pythons
  6 bats
  5 frilled lizards
  3 rats
  A briar patch (Lair:5)
  A pillar of salt (Swamp:4)
1512 creatures vanquished.

Vanquished Creatures (collateral kills)
  A hydra (D:13)
  A wolf spider (Spider:4)
  A gargoyle (D:13)
  A demonic crawler (Spider:4)
  2 redbacks (Spider:4)
6 creatures vanquished.

Vanquished Creatures (others)
  A ghoul (Swamp:4)
  A bunyip (Swamp:4)
  A deep elf death mage (Elf:3)
  A centaur warrior (D:14)
  A tengu warrior (D:11)
  A dancing weapon (Elf:3)
  A deep elf knight (Elf:2)
  A goliath frog (Swamp:2)
  A spriggan druid (Swamp:4)
  A wizard (Swamp:4)
  4 bloated husks
  A hornet (Swamp:4)
  A redback (Spider:4)
  5 briar patches (Lair:5)
  12 foxfires
  29 fungi
  3 pillars of salt
  54 plants
  2 starspawn tentacles (Spider:3)
  3 withered plants (D:15)
124 creatures vanquished.

Grand Total: 1642 creatures vanquished

Notes
Turn   | Place    | Note
-------+----------+-------------------------------------------
     0 | D:1      | browni3141 the Troll Monk began the quest for the Orb.
     0 | D:1      | Reached XP level 1. HP: 22/22 MP: 0/0
   467 | D:1      | Reached XP level 2. HP: 29/29 MP: 1/1
   600 | D:1      | Reached skill level 4 in Unarmed Combat
   902 | D:1      | Found a faded altar of an unknown god.
   981 | D:1      | Reached XP level 3. HP: 36/36 MP: 2/2
  1567 | D:2      | Reached skill level 5 in Unarmed Combat
  1567 | D:2      | Reached XP level 4. HP: 41/44 MP: 3/3
  1815 | D:3      | Found a glowing drain.
  1825 | Sewer    | Entered a sewer
  1978 | Sewer    | Reached XP level 5. HP: 50/50 MP: 4/4
  2087 | Sewer    | Gained mutation: Armour fits poorly on your strangely
                  | shaped body. [potion of mutation]
  2141 | D:3      | Reached skill level 6 in Unarmed Combat
  2419 | D:3      | Reached XP level 6. HP: 30/59 MP: 5/5
  2429 | D:3      | Reached skill level 7 in Unarmed Combat
  2512 | D:3      | Noticed Natasha
  2517 | D:3      | Killed Natasha
  2927 | D:4      | Reached skill level 1 in Armour
  2931 | D:4      | Reached XP level 7. HP: 58/64 MP: 6/6
  2972 | D:4      | Found a stormy altar of Qazlal.
  3065 | D:4      | Reached skill level 8 in Unarmed Combat
  3346 | D:5      | Entered Level 5 of the Dungeon
  3373 | D:5      | Found a runed translucent gate.
  3374 | D:5      | Found a runed translucent gate.
  3374 | D:5      | Found an opulent altar of Gozag.
  3375 | D:5      | Found a runed translucent gate.
  3378 | D:5      | Noticed Firecrotchwizard's ghost (novice HOFi)
  3379 | D:5      | Noticed a two-headed ogre
  3550 | D:5      | Found a radiant altar of Vehumet.
  3560 | D:5      | Found an ancient bone altar of Kikubaaqudgha.
  3572 | D:5      | Found a shimmering blue altar of Sif Muna.
  3848 | D:5      | Found Adoll's Book Shoppe.
  3972 | D:5      | Reached XP level 8. HP: 74/74 MP: 7/7
  4015 | D:5      | Reached skill level 9 in Unarmed Combat
  4772 | D:6      | Reached skill level 10 in Unarmed Combat
  4823 | D:6      | Lost mutation: Armour fits poorly on your strangely shaped
                  | body. [potion of mutation]
  4823 | D:6      | Gained mutation: You are partially covered in iridescent
                  | scales. (AC +2) [potion of mutation]
  4823 | D:6      | Gained mutation: You are strong-willed. (Will+) [potion of
                  | mutation]
  4823 | D:6      | Gained mutation: Your mind is acute. (Int +2) [potion of
                  | mutation]
  4894 | D:7      | You fall into a shaft and drop 3 floors!
  4894 | D:10     | Entered Level 10 of the Dungeon
  4895 | D:10     | Found a snail-covered altar of Cheibriados.
  5163 | D:10     | Reached skill level 1 in Evocations
  5169 | D:10     | Reached skill level 5 in Dodging
  5174 | D:10     | Reached XP level 9. HP: 65/80 MP: 8/8
  5213 | D:10     | Found Yhuy's Antique Weapon Boutique.
  5241 | D:10     | Found the +4 moon troll leather armour {Spirit, Regen++
                  | MP+5}
  5419 | D:10     | Killed an unseen horror
  5420 | D:10     | Reached skill level 11 in Unarmed Combat
  5619 | D:10     | Found a staircase to the Lair.
  5729 | D:10     | Reached XP level 10. HP: 85/88 MP: 9/9
  5747 | D:10     | Found a bloodstained altar of Trog.
  5845 | D:9      | Reached skill level 12 in Unarmed Combat
  5933 | D:9      | Found Puimoqe's One-of-a-Kind Rings.
  6200 | D:7      | Found a staircase to the Ecumenical Temple.
  6224 | Temple   | Entered the Ecumenical Temple
  6443 | Temple   | Became a worshipper of Zin the Law-Giver
  6443 | Temple   | Reached * piety under Zin
  6443 | Temple   | Reached ** piety under Zin
  6443 | Temple   | Reached *** piety under Zin
  6712 | D:7      | Noticed Dowan
  6712 | D:7      | Noticed Duvessa
  6737 | D:7      | Reached skill level 1 in Invocations
  6745 | D:7      | Killed Dowan
  6749 | D:7      | Killed Duvessa
  6920 | D:7      | Identified the +6 trident of Vuptasil {vorpal, rC++ Str+5}
  7146 | D:8      | Reached **** piety under Zin
  7285 | D:8      | Noticed Maurice
  7289 | D:8      | Killed Maurice
  7454 | D:8      | Reached skill level 13 in Unarmed Combat
  7588 | D:8      | Found a shimmering altar of Xom.
  7661 | D:8      | Reached XP level 11. HP: 94/94 MP: 13/13
  8048 | D:9      | Noticed a two-headed ogre
  8055 | D:9      | Noticed a two-headed ogre
  8061 | D:9      | Killed a two-headed ogre
  8062 | D:9      | Reached skill level 5 in Invocations
  8075 | D:9      | Killed a two-headed ogre
  8338 | D:9      | Found an opulent altar of Gozag.
  8338 | D:9      | Found a basalt altar of Yredelemnul.
  8952 | D:10     | Reached ***** piety under Zin
  9036 | D:11     | Found a staircase to the Orcish Mines.
  9090 | D:11     | Noticed a tengu warrior
  9099 | D:11     | Noticed a tengu warrior
  9102 | D:11     | Noticed a two-headed ogre
  9118 | D:11     | Killed a tengu warrior
  9120 | D:11     | Killed a two-headed ogre
  9638 | D:12     | Reached skill level 10 in Invocations
  9728 | D:12     | Noticed a green ugly thing
  9744 | D:12     | Killed a green ugly thing
  9798 | D:12     | Noticed a purple ugly thing
  9812 | D:12     | Killed a purple ugly thing
  9813 | D:12     | Reached XP level 12. HP: 104/104 MP: 18/18
  9889 | D:12     | Noticed a two-headed ogre
  9897 | D:12     | Killed a two-headed ogre
  9929 | D:12     | Noticed a two-headed ogre
  9934 | D:12     | Killed a two-headed ogre
 10284 | D:12     | Found a hazy altar of Hepliaklqana.
 10496 | D:13     | Noticed a five-headed hydra
 10499 | D:13     | Noticed a tengu warrior
 10510 | D:13     | Killed a four-headed hydra
 10512 | D:13     | Was placed under penance by Zin
 10516 | D:13     | Killed a tengu warrior
 10657 | D:13     | Noticed a catoblepas
 10670 | D:13     | Killed a catoblepas
 10671 | D:13     | Donated 402 gold pieces to Zin
 10734 | D:13     | Was forgiven by Zin
 10735 | D:13     | Noticed a death knight
 10757 | D:13     | Killed a death knight
 11089 | D:13     | Found Qupuest's Assorted Antiques.
 11089 | D:13     | Noticed Nessos
 11101 | D:13     | Killed Nessos
 11131 | D:13     | Bought a scroll of identify for 56 gold pieces
 11216 | D:13     | Noticed a boulder beetle
 11238 | D:13     | Killed a boulder beetle
 11433 | D:13     | Found a glowing silver altar of Zin.
 11597 | D:14     | Found Dosycwo's Magic Scroll Boutique.
 11604 | D:14     | Bought a scroll of identify for 32 gold pieces
 11604 | D:14     | Bought a scroll of identify for 32 gold pieces
 11604 | D:14     | Bought a scroll of identify for 32 gold pieces
 11604 | D:14     | Identified a scroll of acquirement
 11724 | D:14     | Reached skill level 5 in Armour
 11750 | D:14     | Reached skill level 14 in Unarmed Combat
 11760 | D:14     | Noticed a centaur warrior
 11813 | D:14     | Identified the ring "Nosmojuleff" {rPois AC+4 Dex+7 Slay-3}
 11839 | D:14     | Reached XP level 13. HP: 109/110 MP: 8/20
 12376 | D:14     | Noticed a fire dragon
 12399 | D:14     | Killed a fire dragon
 12486 | D:14     | Found a gate to the Vaults.
 12600 | D:15     | Entered Level 15 of the Dungeon
 12681 | D:14     | Acquired the +0 hat of the Tired Stories {Dex+5}
 12704 | D:15     | Noticed a ghoul
 12710 | D:15     | Noticed a ghoul
 12723 | D:14     | Reached ****** piety under Zin
 12742 | D:14     | Killed a ghoul
 12825 | D:14     | Killed a ghoul
 13245 | D:15     | Reached skill level 15 in Unarmed Combat
 13876 | D:15     | Noticed a ghoul
 13892 | D:15     | Killed a ghoul
 14083 | D:15     | Reached XP level 14. HP: 103/118 MP: 17/22
 14164 | D:15     | Found a staircase to the Depths.
 14536 | Depths:1 | Entered Level 1 of the Depths
 14536 | Depths:1 | Noticed a golden dragon
 14550 | Depths:1 | Noticed a frost giant
 14694 | Orc:1    | Entered Level 1 of the Orcish Mines
 14694 | Orc:1    | Noticed Harold
 14709 | Orc:1    | Killed Harold
 14864 | Orc:2    | Entered Level 2 of the Orcish Mines
 14868 | Orc:2    | Found a staircase to the Elven Halls.
 15060 | Orc:2    | Found Posut's Magic Scroll Boutique.
 15064 | Orc:2    | Found Ruheivim's General Store.
 15279 | Orc:2    | Reached skill level 16 in Unarmed Combat
 15535 | Orc:2    | Found Xeceit's Jewellery Emporium.
 15535 | Orc:2    | Found Potsotz's Antique Armour Shoppe.
 15535 | Orc:2    | Found a one-way gate leading to the halls of Pandemonium.
 16280 | Orc:1    | Noticed an orc warlord
 16445 | Orc:2    | Killed an orc warlord
 17030 | Lair:1   | Entered Level 1 of the Lair of Beasts
 17888 | Lair:2   | Reached skill level 5 in Stealth
 17911 | Lair:2   | Reached XP level 15. HP: 124/124 MP: 23/23
 17946 | Lair:2   | Found a transporter.
 17950 | Lair:2   | Noticed mathmaestro's ghost (journeyman TrMo)
 17961 | Lair:2   | Found a transporter.
 17965 | Lair:2   | Found a hide-covered altar of Uskayaw.
 17967 | Lair:2   | Found an ornate altar of the Wu Jian Council.
 18630 | Lair:3   | Found a dark tunnel.
 18643 | Volcano  | Entered a volcano
 18779 | Volcano  | Noticed an orb of fire
 18903 | Volcano  | Noticed an orb of fire
 18920 | Volcano  | Reached skill level 17 in Unarmed Combat
 19434 | Lair:3   | Reached skill level 10 in Dodging
 19766 | Lair:3   | Found a staircase to the Swamp.
 20434 | Lair:4   | Found a hole to the Spider Nest.
 20732 | Lair:5   | Found a transporter.
 21162 | Lair:5   | Found a transporter.
 21458 | Lair:5   | Identified the ring of Absolutism {rC+ Int+6}
 21590 | Lair:6   | Entered Level 6 of the Lair of Beasts
 21618 | Lair:6   | Found a staircase to the Slime Pits.
 21623 | Lair:6   | Found a viscous altar of Jiyva.
 21913 | Lair:6   | Reached skill level 18 in Unarmed Combat
 21965 | Lair:6   | Reached XP level 16. HP: 118/132 MP: 22/25
 22679 | Lair:6   | Learned a level 2 spell: Blink
 22871 | Elf:1    | Entered Level 1 of the Elven Halls
 23202 | Elf:1    | Found Buumeugo's Assorted Antiques.
 23421 | Elf:1    | Identified Roxanne's Incunabulum of Transformation
 23421 | Elf:1    | Noticed Roxanne
 23440 | Elf:1    | Killed Roxanne
 24000 | Elf:2    | Found a runed translucent gate.
 24000 | Elf:2    | Found a runed translucent gate.
 24000 | Elf:2    | Found a runed translucent gate.
 24127 | Elf:2    | Reached skill level 19 in Unarmed Combat
 24521 | Elf:2    | Found a large runed translucent door.
 24521 | Elf:2    | Found a large runed translucent door.
 24525 | Elf:2    | Noticed Shayle's ghost (adept DjWr)
 24732 | Elf:2    | Reached skill level 10 in Armour
 24915 | Elf:2    | Reached XP level 17. HP: 98/139 MP: 16/26
 25251 | Elf:2    | Killed Shayle's ghost
 25342 | Elf:3    | Entered Level 3 of the Elven Halls
 25449 | Elf:3    | Paralysed by an air elemental for 1 turns
 25607 | Elf:3    | Noticed a Hell Sentinel
 25607 | Elf:3    | Noticed a deep elf master archer
 25608 | Elf:3    | Noticed a deep elf blademaster
 25609 | Elf:3    | Noticed a deep elf master archer
 25617 | Elf:3    | Killed a deep elf blademaster
 25621 | Elf:3    | Killed a deep elf master archer
 25634 | Elf:3    | Noticed a deep elf blademaster
 25649 | Elf:3    | Killed a deep elf master archer
 25856 | Elf:3    | Reached skill level 20 in Unarmed Combat
 26161 | Elf:3    | Identified the +7 short sword "Biyp Fei" {spect, Int+4}
 26163 | Elf:3    | Identified the ring of the Meadowlark {rC+ rCorr Int-4
                  | Slay+3 SInv}
 26460 | Elf:3    | Killed a deep elf blademaster
 26748 | Elf:3    | Got the Papyrus of Captivating Confrontation
 26844 | Elf:3    | Identified the ring "Micyonk" {Fire Dex+4}
 26895 | Elf:3    | Identified the +9 hunting sling of Eguocrui {vorpal, Dex+4}
 26897 | Elf:3    | Got The Last Papyrus of Boris
 26904 | Elf:3    | Identified the +6 shortbow of the Devouring Saviour {flame,
                  | rN+ rCorr Dex+5}
 28226 | D:5      | Killed Firecrotchwizard's ghost
 28434 | Spider:1 | Entered Level 1 of the Spider Nest
 28438 | Spider:1 | Reached skill level 1 in Slings
 29037 | Spider:1 | Reached XP level 18. HP: 142/148 MP: 23/28
 30366 | Spider:2 | You fall into a shaft and drop 1 floor!
 30647 | Spider:3 | Reached skill level 15 in Invocations
 31382 | Spider:4 | Entered Level 4 of the Spider Nest
 32114 | Spider:4 | Got a gossamer rune of Zot
 32278 | Spider:4 | Noticed Mlioglotl
 32382 | Spider:3 | Killed Mlioglotl
 32383 | Spider:3 | Reached skill level 21 in Unarmed Combat
 33597 | Spider:2 | Noticed Arachne
 33630 | Spider:2 | Killed Arachne
 33638 | Spider:2 | Noticed Aizul
 33654 | Spider:2 | Killed Aizul
 33998 | Swamp:1  | Entered Level 1 of the Swamp
 34670 | Swamp:2  | Reached XP level 19. HP: 137/154 MP: 29/30
 35526 | Swamp:3  | Noticed Bai Suzhen
 35612 | Swamp:3  | Killed Bai Suzhen
 36240 | Swamp:4  | Entered Level 4 of the Swamp
 37182 | Swamp:4  | Reached skill level 22 in Unarmed Combat
 37273 | Swamp:4  | Paralysed by a fenstrider witch for 5 turns
 37297 | Swamp:4  | Got a decaying rune of Zot
 37711 | Slime:1  | Entered Level 1 of the Pits of Slime
 38090 | Slime:5  | Entered Level 5 of the Pits of Slime
 39079 | Slime:5  | Noticed the Royal Jelly
 39080 | Slime:5  | Found a viscous altar of Jiyva.
 39084 | Slime:5  | Reached XP level 20. HP: 151/162 MP: 30/31
 39139 | Slime:5  | Killed the Royal Jelly
 39384 | Slime:5  | Identified the ring of Niaruc {rF+ rC+ Will+ rCorr Str+3}
 39392 | Slime:5  | Got a slimy rune of Zot
 39933 | Depths:1 | Killed a golden dragon
 40029 | Depths:1 | Found a gateway to Hell.
 40041 | Depths:1 | Noticed a caustic shrike
 40056 | Depths:1 | Killed a caustic shrike
 40057 | Depths:1 | Reached skill level 23 in Unarmed Combat
 40378 | Depths:1 | Noticed a caustic shrike
 40398 | Depths:1 | Killed a caustic shrike
 40537 | Depths:1 | Identified the ring of the Everdark {rPois rC- EV+4 Str+4}
 40852 | Depths:1 | Found a one-way gateway to a ziggurat.
 41237 | Depths:1 | Found Yvasipniuss's Assorted Antiques.
 41242 | Depths:1 | Bought a potion of curing for 123 gold pieces
 41242 | Depths:1 | Bought a potion of invisibility for 328 gold pieces
 41242 | Depths:1 | Bought a potion of mutation for 328 gold pieces
 41242 | Depths:1 | Bought a scroll of teleportation for 123 gold pieces
 41242 | Depths:1 | Bought a scroll of teleportation for 123 gold pieces
 41437 | Depths:1 | Got Ylibomux's Volume of the Ghastly Mountains
 41647 | Depths:2 | Found a burning altar of Makhleb.
 41783 | Depths:2 | Identified the +2 cloak of a ziggurat {Harm rElec rF+
                  | Stlth+}
 42410 | Depths:2 | Reached XP level 21. HP: 169/169 MP: 33/33
 42593 | Depths:2 | Reached skill level 24 in Unarmed Combat
 42973 | Depths:3 | Noticed the Enchantress
 43244 | Depths:3 | Killed the Enchantress
 43712 | Depths:3 | Found a one-way gate to the infinite horrors of the Abyss.
 43882 | Depths:3 | Noticed Mennas
 43906 | Depths:3 | Hit by a large rock thrown by a stone giant

Illustrated notes

Levels and vault maps discovered:
D:1:      elethiomel_arrival_shortcut, layout_basic,
          shapermc_ecumenical_altar_hornbeckon, serial_park_tiny_pond,
          chequers_serial_rivers_small_3, minmay_close_crescents
D:2:      layout_rooms, grunt_ministairs_10, kennysheep_big_empty_room,
          minmay_misc_feat_doors
D:3:      layout_basic, lightli_sewer_entry_pipes, uniq_natasha
D:4:      layout_basic, nicolae_qazlal_scattered_showers,
          hangedman_decor_points, grunt_ministairs_7
D:5:      layout_gridville, palyth_temple_overflow_mages, ebering_ghost_gozag,
          serial_shops, shop, st_stairs_14
D:6:      layout_cave_pods
D:7:      layout_gridville, minmay_temple_entry_offerings,
          hangedman_decor_opposing, minmay_microvault, uniq_duvessa
D:8:      layout_loops_ring, led_xom_imps, uniq_maurice
D:9:      layout_basic, gammafunk_temple_overflow_wave, special_room
          [special_room_bee], minivault_11, nicolae_shop_unique_rings
D:10:     layout_irregular_city, mainiacjoe_overflow_cross_hatched,
          kennysheep_mini_moat, grunt_lair_entry_orc_guard_hut, serial_shops,
          nicolae_shop_stone
D:11:     layout_small_grid, minmay_orc_entry_temple_small
D:12:     layout_roguey, worldfamousw_hep_ancestral_shrine
D:13:     layout_loops_corners, serial_shops, shop, st_stairs_4, minivault_4,
          zin_scriptorium, uniq_nessos
D:14:     layout_basic, david_vaults_4, serial_shops, nicolae_shop_hallway_plus,
          minmay_strange_pillars
D:15:     gammafunk_enter_depths_forms, layout_layer_cave,
          minmay_misc_feat_roman, portal_ice_cave_entry_pillars_1,
          serial_undead, serial_undead_a, serial_undead_d, serial_undead_b,
          serial_undead_c
Temple:   nicolae_temple_figure_eight
Lair:1:   layout_gridlike, serial_bayou_pond_c, grunt_megastairs_1,
          infiniplex_staircase_pool_2, serial_bayou_shore_a
Lair:2:   layout_misc_corridors, serial_forest, infiniplex_forest_pool,
          infiniplex_forest_clump_small, infiniplex_forest_lined_room_2,
          infiniplex_forest_clump_double, infiniplex_forest_corner_1,
          infiniplex_forest_lined_2, infiniplex_forest_lined_room_,
          gammafunk_ghost_arena, nzn_masters_of_martial_movement,
          infiniplex_staircase_pool
Lair:3:   layout_hall_layers, nicolae_swamp_entry_splash_gauntlet,
          nicolae_volcano_entry_lava_flow
Lair:4:   layout_roguey, spider_nest_entry_webs, serial_bayou_pond_a,
          grunt_megastairs_5, lemuel_fruit_tree
Lair:5:   gammafunk_worm_tunnel, layout_misc_corridors, serial_bayou_lagoon_b
Lair:6:   minmay_lair_end_enchanted_forest, layout_misc_corridors, slime_altar_1
Swamp:1:  layout_falls_marsh, evilmike_swamp_ruin_house_5
Swamp:2:  layout_basic_swamp, nicolae_swamp_big_swirl
Swamp:3:  layout_falls_marsh, hangedman_swamp_pad, swamp_pool5, uniq_bai_suzhen
Swamp:4:  nzn_swamp_witches_coven, layout_basic_swamp
Spider:1: nicolae_spider_jumping_over_cracks
          [nicolae_spider_jumping_sub_no_exit, nicolae_spider_jumping_sub_lava,
          nicolae_spider_jumping_sub_lanes, nicolae_spider_jumping_sub_rim],
          hangedman_spider_tarantella_strand
Spider:2: layout_spider_delve, nicolae_spider_checkerboard, uniq_aizul,
          uniq_arachne
Spider:3: layout_spider_delve
Spider:4: guppyfry_spider_rune, nicolae_spider_moth_buddies, uniq_mlioglotl
Slime:1:  cheibrodos_slime_lost_civilization_2, layout_caves
Slime:2:  layout_caves, uniq_dissolution
Slime:3:  layout_caves
Slime:4:  layout_caves
Slime:5
Orc:1:    layout_diamond_mine, uniq_harold
Orc:2:    pf_orc_diabolical, layout_diamond_mine
Elf:1:    eino_elf_arrival_sip, layout_geoelf_octagon, serial_shops, shop,
          hangedman_elf_disciples, nicolae_elf_m_pinch, uniq_roxanne
Elf:2:    elven_hall_of_blades_hangedman_original [nicolae_blade_tridents],
          layout_geoelf_octagon, ebering_ghost_disaster_area
Elf:3:    grunt_elf_hall_branching, layout_gridlike
Depths:1: layout_roguey, enter_ziggurat_c, hellmouth_3,
          chequers_serial_rivers_marsh, serial_shops, shop, minmay_swirly_circle
Depths:2: dpeg_oklob_gauntlet, layout_gridlike, lemuel_statue_altar,
          rand_demon_pan_entry_9, pf_hell_entry_tar_spiral
Depths:3: ragdoll_tomb_raider, layout_cave_shapes, minmay_misc_feat_ornament,
          abyss_entry, serial_shops, nicolae_shop_bloodbath_and_beyond,
          grunt_mini_vestibule, kilobyte_rumbling_trees,
          infiniplex_staircase_pillars_1, serial_bayou_shore_b,
          uniq_enchantress, uniq_sojobo, uniq_mennas

Skill      XL: |  1  2  3  4  5  6  7  8  9 10 11 12 13 14 15 16 17 18 19 20 21 |
---------------+----------------------------------------------------------------+-----
Unarmed Combat | 4 5 6 7 8 10 11 13 14 15 16 18 19 20 21 22 23 24 | 24.6
Armour         | 1 2 4 5 6 7 9 10 | 10.8
Dodging        | 3 5 6 7 8 9 10 11 12 | 12.1
Evocations     | 1 3 |  3.0
Invocations    | 4 10 11 12 13 14 16 17 19 20 | 20.0
Stealth        | 2 3 5 7 8 |  8.0
Slings         | 3 |  3.4
Fighting       | |  2.4

Action                   |  1- 3 |  4- 6 |  7- 9 | 10-12 | 13-15 | 16-18 | 19-21 || total
-------------------------+-------+-------+-------+-------+-------+-------+-------++-------
Melee: Unarmed           |    95 |   157 |   215 |   552 |  1435 |  1486 |  1533 ||  5473
       Punch             |     1 |     5 |     8 |    52 |   197 |   238 |   339 ||   840
 Fire: Hunting sling     |       |       |       |       |       |    23 |       ||    23
Throw: Stone             |       |     1 |     6 |    17 |       |       |       ||    24
Invok: Vitalisation      |       |       |       |     4 |     4 |     7 |     2 ||    17
       Recite            |       |       |       |     7 |    24 |    28 |    23 ||    82
       Donate Gold       |       |       |       |     1 |       |       |       ||     1
Evoke: Wand              |       |       |       |    21 |    13 |    10 |    12 ||    56
       Condenser vane    |       |       |       |       |       |     2 |       ||     2
  Use: Scroll            |       |     3 |     3 |     8 |     8 |     9 |     4 ||    35
       Potion            |       |     9 |     1 |       |     2 |    10 |     5 ||    27
 Stab: Sleeping          |     9 |     3 |     2 |     8 |    24 |    27 |    16 ||    89
       Invisible         |       |       |       |     2 |    14 |       |       ||    16
       Confused          |       |       |       |       |    24 |    32 |    16 ||    72
       Paralysed         |       |       |       |       |    22 |     1 |    10 ||    33
       Distracted        |       |       |       |       |     3 |     7 |     4 ||    14
       Petrified         |       |       |       |       |     4 |       |       ||     4
Armor: Robe              |    24 |    36 |    54 |       |       |       |       ||   114
       Troll leather arm |       |       |    46 |   228 |   388 |   592 |   439 ||  1693
Dodge: Dodged            |    35 |    59 |    95 |   296 |  1074 |  1513 |  1068 ||  4140

Table legend: (Time is in decaauts)
 A = Elapsed time spent in this place.
 B = Non-inter-level travel time spent in this place.
 C = Inter-level travel time spent in this place.
 D = Time resting spent in this place.
 E = Time spent auto-exploring this place.
 F = Levels seen in this place.
 G = Mean time per level.
                   A        B        C        D        E       F      G
               +--------+--------+--------+--------+--------+-----+--------+
         Total |  42670 |  39413 |   3257 |   3621 |  25567 |  45 |  948.2 |
       Dungeon |  15079 |  13530 |   1549 |    859 |   9589 |  15 | 1005.3 |
        Temple |    247 |    220 |     27 |      0 |    206 |   1 |  247.0 |
          Lair |   5406 |   4861 |    545 |     30 |   3598 |   6 |  901.0 |
         Swamp |   3760 |   3628 |    132 |    166 |   2610 |   4 |  940.0 |
   Spider Nest |   5299 |   5015 |    284 |    825 |   2916 |   4 | 1324.8 |
    Slime Pits |   1737 |   1624 |    113 |    858 |    121 |   5 |  347.4 |
  Orcish Mines |   2204 |   1887 |    317 |    132 |   1127 |   2 | 1102.0 |
   Elven Halls |   4453 |   4263 |    190 |    544 |   2639 |   3 | 1484.3 |
        Depths |   3676 |   3579 |     97 |    145 |   2413 |   3 | 1225.3 |
         Sewer |    346 |    346 |      0 |     47 |    109 |   1 |  346.0 |
       Volcano |    458 |    458 |      0 |     13 |    236 |   1 |  458.0 |
               +--------+--------+--------+--------+--------+-----+--------+

Top non-repeatable levels by time:
   Elf:3: 2022 daAuts
    D:15: 1848 daAuts
   Orc:2: 1599 daAuts
Depths:1: 1504 daAuts
Depths:2: 1459 daAuts
   Elf:2: 1445 daAuts
Spider:3: 1440 daAuts
Spider:1: 1414 daAuts
 Swamp:4: 1383 daAuts
    D:10: 1362 daAuts
    D:14: 1340 daAuts
    D:13: 1303 daAuts
     D:1: 1289 daAuts
Spider:2: 1245 daAuts
Spider:4: 1199 daAuts
